 Dungeon Crawl Stone Soup version 0.31-a0-325-g067879e3d3 (webtiles) character file.

Game seed: 8928952866651823727

64 Pooter the Trooper (level 3, 0/33 HPs)
             Began as a Minotaur Fighter on July 18, 2023.
             Slain by Sigmund
             ... wielding a +0 scythe
              (5 damage)
             ... on level 2 of the Dungeon.
             The game lasted 00:09:13 (1411 turns).

Pooter the Trooper (Minotaur Fighter)               Turns: 1411, Time: 00:09:14

Health: 0/33       AC:  6    Str: 22    XL:     3   Next: 91%
Magic:  2/2        EV:  9    Int:  5    God:
Gold:   81         SH:  4    Dex:  9    Spells: 2/2 levels left

rFire   . . .        a - +0 war axe
rCold   . . .        c - +0 buckler
rNeg    . . .        b - +0 scale mail
rPois   .            (helmet restricted)
rElec   .            (no cloak)
rCorr   .            (no gloves)
SInv    .            (no boots)
Will    .....        (no amulet) Stlth
                     (no ring)
HPRegen 0.25/turn    (no ring)
MPRegen 0.08/turn

%: no passive effects
@: mighty
A: horns 2, retaliatory headbutt
a: no special abilities


You were on level 2 of the Dungeon.
You visited 1 branch of the dungeon, and saw 2 of its levels.

You collected 81 gold pieces.

Inventory:

Hand Weapons
 a - a +0 war axe (weapon)
 o - a +0 trident
   (You took it off Robin on level 2 of the Dungeon)
Missiles
 Q - 30 stones (quivered)
Armour
 b - a +0 scale mail (worn)
 c - a +0 buckler (worn)
Talismans
 g - a beast talisman
   (You found it on level 1 of the Dungeon)
 j - a serpent talisman
   (You found it on level 1 of the Dungeon)
Scrolls
 e - a scroll of enchant weapon {unknown}
 f - a scroll of noise {unknown}
 h - 2 scrolls of enchant armour {unknown}
 i - a scroll of immolation {unknown}
 k - a scroll of torment {unknown}
Potions
 l - 2 potions of heal wounds {unknown}
 m - a potion of mutation {unknown}
 n - a potion of haste {unknown}


   Skills:
 + Level 4.3 Fighting
 * Level 4.0 Axes
 - Level 3.6 Armour
 - Level 4.0 Shields
 - Level 0.5 Shapeshifting


You had 2 spell levels left.
You didn't know any spells.
Your spell library contained the following spells:

 Spells                   Type           Power      Damage    Failure   Level
 Magic Dart               Conj           0%         1d3       86%         1
 Call Imp                 Summ           0%         N/A       94%         2
 Mephitic Cloud           Conj/Pois/Air  0%         N/A       99%         3


Dungeon Overview and Level Annotations

Branches:
Dungeon (2/15) Zot: 10550

Altars:

Annotations:
D:2 Sigmund


Innate Abilities, Weirdness & Mutations

You have a pair of horns on your head.
You reflexively headbutt those who attack you in melee.


Message History

A goblin comes into view. It is wielding a +0 dagger.
The goblin shouts!
You hit the goblin but do no damage.
You headbutt the goblin, but do no damage.
The goblin hits you with a +0 dagger. The goblin closely misses you.
You furiously retaliate!
You headbutt the goblin, but do no damage.
You hit the goblin.
You kill the goblin!
Things that are here:
a +0 dagger; a goblin corpse
There is a stone staircase leading down here.
There is an open door here.
Found a stone staircase leading down.
Sigmund the Dreaded comes into view.
He is wielding a +0 scythe.
Sigmund shouts!
You feel very mighty all of a sudden.
Sigmund points at you and mumbles some strange words.
You are confused.
Sigmund closely misses you.
You closely miss Sigmund. Your headbutt misses Sigmund.
Sigmund hits you with a +0 scythe.
Sigmund laughs darkly.
Sigmund hits you but does no damage.
You completely miss Sigmund. Sigmund hits you with a +0 scythe!
You bump into the rock wall.
Sigmund closely misses you.
You bump into the rock wall.
You feel less confused.
You hit Sigmund. Sigmund casts a spell at you.
You are confused.
Sigmund closely misses you.
Sigmund points at you and mumbles some strange words.
The magic dart hits you.
You bump into the rock wall.
Sigmund hits you with a +0 scythe!
* * * LOW HITPOINT WARNING * * *
You closely miss Sigmund. Your headbutt misses Sigmund.
Sigmund hits you with a +0 scythe.
* * * LOW HITPOINT WARNING * * *
You slash Sigmund! Sigmund gestures at you while chanting.
The puff of flame hits you.
* * * LOW HITPOINT WARNING * * *
You bump into the rock wall.
Sigmund gestures at you while chanting. You resist with significant effort.
You're too confused to move!
You feel less confused. Sigmund hits you with a +0 scythe.
You die...

#.# #.# #.# #.#
#.# #.# #.# #.#
# #.# #.# .
####.###.# . .
#........# #
#...#.##.###.#
#.....@@.#.#
#........#.#.##
....#....#.#..#
... #.##.#
##.## . #.. ...
#..## #.. ###
#..# ##..# #.#
##.. ##.# #.#
##.###.###.#
#......##.#


You could see Sigmund.

Vanquished Creatures
  Robin (D:2)
  A dart slug (D:2)
  4 ball pythons
  An endoplasm (D:1)
  12 goblins
  5 hobgoblins
  6 jackals
  5 kobolds
  A quokka (D:1)
  7 bats (D:1)
  A frilled lizard (D:1)
  2 rats
46 creatures vanquished.

Notes
Turn   | Place    | Note
-------+----------+-------------------------------------------
     0 | D:1      | Pooter the Minotaur Fighter began the quest for the Orb.
     0 | D:1      | Reached XP level 1. HP: 19/19 MP: 0/0
   149 | D:1      | Reached XP level 2. HP: 27/27 MP: 1/1
   722 | D:1      | Reached XP level 3. HP: 33/33 MP: 2/2
  1211 | D:2      | Noticed Robin
  1236 | D:2      | Killed Robin
  1395 | D:2      | Noticed Sigmund
  1411 | D:2      | Slain by Sigmund

Illustrated notes

Levels and vault maps discovered:
D:1:      lightli_arrival_quake, layout_basic
D:2:      layout_basic, minmay_crystal_water, uniq_robin, uniq_sigmund

Skill      XL: |  1  2  3 |
---------------+----------+-----
Axes           | 3 4 |  4.0
Fighting       | 4 |  4.3
Shields        | 4 |  4.0
Armour         | |  3.6
Shapeshifting  | |  0.5

Action                     || total
---------------------------++-------
  Melee: War axe           ||   102
         Headbutt          ||     8
  Throw: Stone             ||     2
    Use: Potion            ||     1
 Armour: Scale mail        ||    52
  Dodge: Dodged            ||    55
  Block: Buckler           ||    21
         Form:             ||     2
         Anaconda          ||     1
         Beast             ||     1

Table legend: (Time is in decaauts)
 A = Elapsed time spent in this place.
 B = Non-inter-level travel time spent in this place.
 C = Inter-level travel time spent in this place.
 D = Time resting spent in this place.
 E = Time spent auto-exploring this place.
 F = Levels seen in this place.
 G = Mean time per level.
                   A        B        C        D        E       F      G
               +--------+--------+--------+--------+--------+-----+--------+
         Total |   1448 |   1437 |     11 |     98 |    985 |   2 |  724.0 |
       Dungeon |   1448 |   1437 |     11 |     98 |    985 |   2 |  724.0 |
               +--------+--------+--------+--------+--------+-----+--------+

Top non-repeatable levels by time:
     D:1: 1029 daAuts
     D:2: 418 daAuts
